 Dungeon Crawl Stone Soup version 0.29-a0-841-g116ddc6ace (webtiles) character file.

Game seed: 17601306679878435200

170 mcwallace the Purveyor of Pain (level 5, 0/38 HPs)
             Began as a Demonspawn Necromancer on July 15, 2022.
             Was an Initiate of Kikubaaqudgha.
             Slain by a gnoll
             ... wielding a +0 club
              (5 damage)
             ... on level 3 of the Dungeon.
             The game lasted 00:08:42 (4102 turns).

mcwallace the Purveyor of Pain (DsNe)               Turns: 4102, Time: 00:08:42

Health: 0/38       AC:  2    Str:  8    XL:     5   Next: 25%
Magic:  9/9        EV: 12    Int: 18    God:    Kikubaaqudgha [......]
Gold:   125        SH:  4    Dex: 14    Spells: 8/9 levels left

rFire   . . .      SeeInvis +   d - +2 short sword (elec) {short}
rCold   . . .      Faith    .   r - +0 buckler
rNeg    . . .      Spirit   .   a - +0 robe
rPois   .          Reflect  .   (no helmet)
rElec   .          Harm     .   (no cloak)
rCorr   .          Rampage  .   (no gloves)
Will    .....                   (no boots)
Stlth   ++........              (no amulet)
HPRegen 0.12/turn               F - ring of see invisible
MPRegen 0.22/turn               (no ring)

@: no status effects
A: claws 1, magic regeneration
a: Renounce Religion


You were on level 3 of the Dungeon.
You worshipped Kikubaaqudgha.
Kikubaaqudgha was noncommittal.
You visited 1 branch of the dungeon, and saw 4 of its levels.

You collected 125 gold pieces.


Innate Abilities, Weirdness & Mutations

You have sharp fingernails.
You regenerate magic rapidly.


   Skills:
 + Level 2.0 Fighting
 + Level 2.6 Dodging
 - Level 1.7 Stealth
 + Level 1.5 Shields
 + Level 2.9 Spellcasting
 + Level 5.1 Necromancy


You had 8 spell levels left.
You knew the following spells:

 Your Spells              Type           Power      Damage    Failure   Level
a - Necrotise             Necr           84%        1d8       2%          1

Your spell library contained the following spells:

 Spells                   Type           Power      Damage    Failure   Level
 Vampiric Draining        Necr           21%        2d7       8%          3
 Animate Dead             Necr           21%        N/A       26%         4
 Agony                    Necr           21%        N/A       58%         5
 Conjure Ball Lightning   Conj/Air       1%         3x3d6     100%        6
 Discord                  Hex            1%         N/A       100%        8
 Disjunction              Tloc           1%         N/A       100%        8

Inventory:

Hand Weapons
 d - a +2 short sword of electrocution (weapon) {short}
   (You took it off a kobold on level 1 of the Dungeon)
Missiles
 e - 47 stones {throwing}
 y - 5 boomerangs {throwing}
Armour
 a - a +0 robe (worn)
 h - a +0 ring mail
   (You found it on level 1 of the Dungeon)
 j - a +0 leather armour
   (You found it on level 1 of the Dungeon)
 m - a +0 scale mail
   (You took it off an orc on level 4 of the Dungeon)
 o - a +0 ring mail
   (You found it on level 1 of the Dungeon)
 r - a +0 buckler (worn)
   (You found it on level 1 of the Dungeon)
 u - a +0 robe
   (You found it on level 2 of the Dungeon)
 v - a +0 leather armour
   (You found it on level 2 of the Dungeon)
 w - a +0 leather armour
   (You found it on level 2 of the Dungeon)
 x - a +0 robe
   (You found it on level 2 of the Dungeon)
 z - a +0 leather armour
   (You took it off an orc on level 2 of the Dungeon)
 A - a +0 ring mail
   (You took it off an orc on level 2 of the Dungeon)
 C - a +0 leather armour
   (You took it off an orc on level 2 of the Dungeon)
 D - a +0 ring mail
   (You found it on level 2 of the Dungeon)
 I - a +0 plate armour
   (You found it on level 3 of the Dungeon)
 K - a +0 robe
   (You found it on level 3 of the Dungeon)
 L - a +0 leather armour
   (You took it off an orc on level 4 of the Dungeon)
Jewellery
 i - an amulet of faith {!P}
   (You found it on level 1 of the Dungeon)
 F - a ring of see invisible (left claw)
   (You found it on level 3 of the Dungeon)
Scrolls
 c - a scroll of enchant armour
 l - a scroll of acquirement {unknown}
 n - a scroll of amnesia {unknown}
 s - a scroll of teleportation {unknown}
 E - a scroll of blinking {unknown}
 H - a scroll of fear {unknown}
Potions
 b - a potion of magic
 f - a potion of lignification {unknown}
 g - a potion of might {unknown}
 k - 2 potions of curing {@q1}
 p - 2 potions of mutation {unknown}
 q - 2 potions of haste {@q3}
 t - a potion of heal wounds {unknown}
 B - a potion of brilliance {unknown}
 G - a potion of invisibility {unknown}
 J - a potion of cancellation {unknown}

Dungeon Overview and Level Annotations

Branches:
Dungeon (4/15) Zot: 19886
 Temple: D:4-7

Altars:
Kikubaaqudgha
Xom
Yredelemnul

.....# #.....# #....# .....#
########.....# #....# .....#
#............# #....# .....#
#............####....#### .....#
#............##.......... .....#
#............##.#....#### .....#
#............##.#........
.....####......).....##.#####.###
................@gg..............
.....####.......)....##.#####.###
#########.......#######.#####.###
.................................
########################..###.###
# #............#.###.... #
##...........#..##.... #
#.......######.###...
############............<..#####


You could see 2 gnolls.


Message History

Kikubaaqudgha accepts your kill. 😕 MP[+1]
You start resting. 😕 HP[+1] MP[+1]
Your mp is fully restored (9).
You start resting.
Your quokka skeleton crumbles into dust! 😎 HP[+6]
Your hp is fully restored (38).
You climb downwards.
The giant cockroach barely misses you.
A gnoll comes into view. It is wielding a +0 whip.
The giant cockroach barely misses you.
There is a stone staircase leading up here.
The gnoll shouts!
The giant cockroach misses you. The orc hits you with a +0 war axe!
You climb upwards.
There is a stone staircase leading down here. 😕 HP[-9]
You take 9 damage, and now have 29/38 hp.
MASSIVE DAMAGE!! (PAUSE)
Aiming: Necrotise (safe; 2% risk of failure)
Press: ? - help, Q - select action, (/) - cycle Shift-Dir - straight line, f - giant cockroach
Aim: a giant cockroach (chance to affect: 90%)
The giant cockroach writhes in agony.
The giant cockroach bites you but does no damage.
The orc hits you with a +0 war axe!
The giant cockroach barely misses you. 😮 HP[-7] MP[-1]
You take 7 damage, and now have 22/38 hp.
You lost 1 mp, and now have 8/9 mp.
Aiming: Necrotise (safe; 2% risk of failure)
Press: ? - help, Q - select action, (/) - cycle Shift-Dir - straight line, f/p - giant cockroach
Aim: a giant cockroach (moderately wounded, chance to affect: 90%)
The giant cockroach writhes in agony.
The orc hits you with a +0 war axe!
* * * LOW HITPOINT WARNING * * *
The giant cockroach barely misses you. 😨 HP[-12] MP[-1]
You take 12 damage, and now have 10/38 hp.
MASSIVE DAMAGE!! (PAUSE)
You lost 1 mp, and now have 7/9 mp.
Aiming: Necrotise (safe; 2% risk of failure)
Press: ? - help, Q - select action, (/) - cycle Shift-Dir - straight line, f/p - giant cockroach
Aim: a giant cockroach (severely wounded, chance to affect: 90%)
The giant cockroach writhes in agony.
You kill the giant cockroach!
Kikubaaqudgha accepts your kill. The orc closely misses you. 😨 MP[-1]
You lost 1 mp, and now have 6/9 mp.
Aiming: Necrotise (safe; 2% risk of failure)
Press: ? - help, Q - select action, (/) - cycle Shift-Dir - straight line, f - orc
Aim: an orc, wielding a +0 war axe, wearing the +3 ring mail "Ovaedytz" {*Corrode Regen+ Dex+5 Slay+3} and quivering boomerangs (chance to affect: 90%)
The orc writhes in agony!
You kill the orc!
Kikubaaqudgha accepts your kill.
The dead are walking! 😨 HP[+1] MP[-1]
You lost 1 mp, and now have 5/9 mp.
Aiming: Necrotise (safe; 2% risk of failure)
Press: ? - help, Q - select action, (/) - cycle Shift-Dir - straight line, f - you
Okay, then.
You start resting. 😨 HP[+1] MP[+4]
Your mp is fully restored (9).
You start resting.
Your orc skeleton crumbles into dust! 😎 HP[+26]
Your hp is fully restored (38).
You climb downwards.
The gnoll misses you. The gnoll hits you with a +0 club.
The gnoll barely misses you. The gnoll hits you with a +0 club.
There is a stone staircase leading up here. 😕 HP[-9]
You take 9 damage, and now have 29/38 hp.
MASSIVE DAMAGE!! (PAUSE)
The gnoll hits you with a +0 whip. The gnoll completely misses you.
You climb upwards.
There is a stone staircase leading down here. 😮 HP[-3]
You take 3 damage, and now have 26/38 hp.
The gnoll hits you with a +0 club. The gnoll hits you with a +0 whip.
* * * LOW HITPOINT WARNING * * *
😨 HP[-10]
You take 10 damage, and now have 16/38 hp.
MASSIVE DAMAGE!! (PAUSE)
The gnoll attacks as you move away! The gnoll hits you with a +0 club.
* * * LOW HITPOINT WARNING * * *
The gnoll attacks as you move away! The gnoll hits you with a +0 whip!
* * * LOW HITPOINT WARNING * * *
😱 HP[-13]
You take 13 damage, and now have 3/38 hp.
MASSIVE DAMAGE!! (PAUSE) 😱 HP[+1]
The gnoll attacks as you move away! The gnoll barely misses you.
The gnoll attacks as you move away!
The gnoll completely misses you. 😱 HP[+1]
The gnoll attacks as you move away! You block the gnoll's attack.
The gnoll attacks as you move away! The gnoll misses you.
The gnoll attacks as you move away! The gnoll hits you with a +0 club.
You die...
Kikubaaqudgha rasps: "You have failed me!
Welcome... death!"

Skill      XL: |  1  2  3  4 |
---------------+-------------+-----
Dodging        | 2 |  2.6
Fighting       | 1 2 |  2.0
Shields        | 1 |  1.5
Necromancy     | 5 |  5.1
Stealth        | |  1.7
Spellcasting   | |  2.9

Action                   |  1- 3 |  4- 6 || total
-------------------------+-------+-------++-------
Melee: Unarmed           |     3 |       ||     3
       Short sword       |    33 |    20 ||    53
 Cast: Necrotise         |    52 |    29 ||    81
  Use: Scroll            |       |     3 ||     3
Armor: Robe              |     2 |     4 ||     6
Dodge: Dodged            |    32 |    33 ||    65
Block: Buckler           |    14 |     7 ||    21

Levels and vault maps discovered:
D:1:      eino_arrival_cavern_e, layout_basic,
          shapermc_ecumenical_altar_mp_highgroup
D:2:      layout_loops_ring, amcnicky_mini_pool_small, wad_orctagon
D:3:      layout_basic, mainiacjoe_overflow_alcove_3, minmay_tree_intersection,
          nicolae_figureground_sparkle
D:4:      layout_gridville, mainiacjoe_overflow_six_doors_small,
          marbit_many_paths, ebering_ghost_sewer_d

Notes
Turn   | Place    | Note
-------+----------+-------------------------------------------
     0 | D:1      | mcwallace the Demonspawn Necromancer began the quest for
                  | the Orb.
     0 | D:1      | Reached XP level 1. HP: 13/13 MP: 3/3
     0 | D:1      | magus.rc [v1.9.6]
    41 | D:1      | HP: 3/13 [kobold/+2 short sword of electrocution (3)]
   533 | D:1      | Found a faded altar of an unknown god.
   971 | D:2      | Reached skill level 2 in Dodging
   971 | D:2      | Gained mutation: You have sharp fingernails. [demonic
                  | ancestry]
   971 | D:2      | Reached XP level 2. HP: 20/20 MP: 1/5
  1139 | D:2      | You pick up a book of Chaos and begin reading...
  1139 | D:2      | You add the spells Conjure Ball Lightning, Disjunction and
                  | Discord to your library.
  1409 | D:2      | Reached skill level 1 in Fighting
  1565 | D:2      | Reached XP level 3. HP: 22/26 MP: 2/6
  2431 | D:3      | Reached skill level 1 in Shields
  2842 | D:3      | Found an ancient bone altar of Kikubaaqudgha.
  2843 | D:3      | Found a shimmering altar of Xom.
  2844 | D:3      | Found a basalt altar of Yredelemnul.
  2856 | D:3      | Became a worshipper of Kikubaaqudgha
  3039 | D:4      | Reached XP level 4. HP: 27/32 MP: 0/7
  3340 | D:4      | Identified the +3 ring mail "Ovaedytz" {*Corrode Regen+
                  | Dex+5 Slay+3}
  3346 | D:4      | Noticed an ogre
  3350 | D:4      | Reached skill level 5 in Necromancy
  3525 | D:4      | Reached skill level 2 in Fighting
  3525 | D:4      | Gained mutation: You regenerate magic rapidly. [demonic
                  | ancestry]
  3525 | D:4      | Reached XP level 5. HP: 18/38 MP: 2/9
  3693 | D:4      | Noticed an ogre
  4086 | D:3      | HP: 3/38 [gnoll/+0 whip (7)]
  4102 | D:3      | Slain by a gnoll

Vanquished Creatures
  A hound (D:4)
  An orc wizard (D:4)
  5 adders
  14 orcs
  An endoplasm (D:1)
  2 giant cockroaches (D:3)
  3 goblins
  4 hobgoblins
  6 jackals
  5 kobolds
  2 quokkas (D:3)
  5 ball pythons
  2 bats (D:2)
  2 frilled lizards (D:2)
  4 rats
57 creatures vanquished.

Table legend:
 A = Non-vault XP
 B = Vault XP
 C = Vault XP percentage of total XP
 D = Non-vault monster count
 E = Vault monster count
 F = Vault count percentage of total count
                 A         B        C        D         E       F
            +---------+---------+-------+---------+---------+-------
      Total |     231 |      12 |   4.9 |      53 |       4 |   7.0
            +---------+---------+-------+---------+---------+-------
        D:1 |       9 |       0 |   0.0 |       5 |       0 |   0.0
        D:2 |      44 |      12 |  21.4 |      15 |       4 |  21.1
        D:3 |      41 |       0 |   0.0 |      17 |       0 |   0.0
        D:4 |     137 |       0 |   0.0 |      16 |       0 |   0.0
            +---------+---------+-------+---------+---------+-------

Illustrated notes

Table legend:
 A = Kills in this place as a percentage of kills in entire the game.
 B = Kills by you in this place as a percentage of kills by you in the entire game.
 C = Kills by friends in this place as a percentage of kills by friends in the entire game.
 D = Other kills in this place as a percentage of other kills in the entire game.
 E = Experience gained in this place as a percentage of experience gained in the entire game.
 F = Experience gained in this place divided by the number of levels of this place that you have seen.
                   A       B       C       D       E      F
               +-------+-------+-------+-------+-------+----------------------
         Total | 100.0 | 100.0 |   N/A |   N/A | 100.0 |  60.8
       Dungeon | 100.0 | 100.0 |   N/A |   N/A | 100.0 |  60.8
               +-------+-------+-------+-------+-------+----------------------

Table legend: (Time is in decaauts)
 A = Elapsed time spent in this place.
 B = Non-inter-level travel time spent in this place.
 C = Inter-level travel time spent in this place.
 D = Time resting spent in this place.
 E = Time spent auto-exploring this place.
 F = Levels seen in this place.
 G = Mean time per level.
                   A        B        C        D        E       F      G
               +--------+--------+--------+--------+--------+-----+--------+
         Total |   4113 |   3890 |    223 |   1001 |   2433 |   4 | 1028.2 |
       Dungeon |   4113 |   3890 |    223 |   1001 |   2433 |   4 | 1028.2 |
               +--------+--------+--------+--------+--------+-----+--------+

Top non-repeatable levels by time:
     D:3: 1709 daAuts
     D:2: 1167 daAuts
     D:1: 889 daAuts
     D:4: 347 daAuts
